 Dungeon Crawl Stone Soup version 0.30-a0-187-gd9c2deaf24 (webtiles) character file.

Game seed: 14159890370933236568

2728 pokeman the Thaumaturge (level 9, -1/34 (50) HPs)
             Began as a Deep Elf Hedge Wizard on Oct 3, 2022.
             Was a Follower of Vehumet.
             Slain by a water moccasin (3 damage)
             ... on level 8 of the Dungeon.
             The game lasted 00:24:56 (9327 turns).

pokeman the Thaumaturge (Deep Elf Hedge Wizard)     Turns: 9327, Time: 00:24:56

HP:   -1/34 (50)    AC:  6    Str: 13    XL:     9   Next: 40%
MP:   11/26         EV: 13    Int: 24    God:    Vehumet [*.....]
Gold: 359           SH:  0    Dex: 14    Spells: 19/31 levels left

rFire   + + .      SeeInvis .    O - +1 whip (elec)
rCold   . . .      Faith    .    (no shield)
rNeg    . . .      Spirit   .    a - +2 animal skin
rPois   .          Reflect  .    p - +0 helmet of Molim {rF++}
rElec   .          Harm     .    B - +0 cloak
rCorr   .          Rampage  .    (no gloves)
Will    +....                    (no boots)
Stlth   ++........               (no amulet)
HPRegen 0.25/turn                j - +6 ring of strength
MPRegen 0.20/turn                z - ring of willpower

@: very slightly contaminated, very heavily drained
A: no striking features
a: Renounce Religion


You were on level 8 of the Dungeon.
You worshipped Vehumet.
Vehumet was aware of your devotion.
You visited 1 branch of the dungeon, and saw 8 of its levels.
You also visited: Sewer.

You collected 359 gold pieces.

Inventory:

Hand Weapons
 o - a +2 dagger of speed
 E - a +0 shortbow
 O - a +1 whip of electrocution (weapon)
Missiles
 y - a throwing net
Armour
 a - a +2 animal skin (worn)
 p - the +0 helmet of Molim (worn) {rF++}
   (You took it off Robin on level 2 of the Dungeon)

   rF:        It greatly protects you from fire.
 B - a +0 cloak (worn)
 P - a +0 kite shield
Jewellery
 j - a +6 ring of strength (left hand)
 z - a ring of willpower (right hand)
 M - an amulet of faith
Wands
 w - a wand of flame (5)
 G - a wand of charming (13)
 K - a wand of mindburst (12)
Scrolls
 b - a scroll of teleportation {unknown}
 e - 2 scrolls of noise {unknown}
 g - 7 scrolls of identify {unknown}
 h - a scroll of vulnerability {unknown}
 k - 5 scrolls of poison {unknown}
 l - a scroll of amnesia {unknown}
 m - 4 scrolls of fog {unknown}
 t - a scroll of enchant weapon {unknown}
 v - 2 scrolls of fear {unknown}
 A - 2 scrolls of magic mapping {unknown}
 C - a scroll of silence {unknown}
 D - a scroll of acquirement {unknown}
 F - a scroll of enchant armour {unknown}
 H - a scroll of brand weapon {unknown}
 J - a scroll of immolation {unknown}
 N - a scroll of blinking {unknown}
Potions
 c - 2 potions of haste {unknown}
 d - 4 potions of magic
 f - a potion of berserk rage {unknown}
 i - 7 potions of curing
 n - a potion of lignification {unknown}
 q - 2 potions of heal wounds
 r - 4 potions of might {unknown}
 s - a potion of invisibility
 u - 2 potions of flight {unknown}
 x - a potion of mutation {unknown}
 I - a potion of ambrosia {unknown}
 L - a potion of degeneration {unknown}


   Skills:
 - Level 3.0 Fighting
 + Level 2.4 Armour
 - Level 4.0 Dodging
 - Level 3.0 Stealth
 * Level 11.5 Spellcasting
 + Level 6.2 Conjurations
 - Level 1.1 Summonings
 + Level 1.7 Necromancy
 - Level 1.1 Translocations
 - Level 5.0 Ice Magic
 - Level 1.3 Air Magic
 - Level 1.0 Poison Magic
 - Level 1.0 Evocations


You had 19 spell levels left.
You knew the following spells:

 Your Spells              Type           Power      Damage    Failure   Level
a - Magic Dart            Conj           100%       1d8       1%          1
b - Mephitic Cloud        Conj/Pois/Air  27%        N/A       4%          3
c - Call Imp              Summ           19%        N/A       4%          2
d - Blink                 Tloc           38%        N/A       4%          2
e - Hailstorm             Conj/Ice       40%        3d10      1%          3
f - Kiss of Death         Conj/Necr      100%       2d13      1%          1

Your spell library contained the following spells:

 Spells                   Type           Power      Damage    Failure   Level
 Freeze                   Ice            100%       1d11      1%          1
 Frozen Ramparts          Ice            74%        1d12      1%          3
 Ensorcelled Hibernation  Hex/Ice        50%        N/A       2%          2
 Cigotuvi's Dreadful Rot  Necr/Pois/Air  40%        N/A       3%          2
 Dazzling Flash           Conj/Hex       56%        N/A       3%          3
 Slow                     Hex            52%        N/A       4%          1
 Gell's Gravitas          Tloc           19%        N/A       9%          3
 Teleport Other           Tloc           19%        N/A       9%          3
 Spider Form              Tmut/Pois      16%        N/A       11%         3
 Anguish                  Hex/Necr       9%         N/A       30%         4
 Agony                    Necr           22%        N/A       52%         5
 Silence                  Hex/Air        8%         N/A       67%         5
 Dispersal                Tloc           9%         N/A       99%         6


Dungeon Overview and Level Annotations

Branches:
Dungeon (8/15)             Temple (0/1) D:6           Sewer (visited)
   Lair: D:8-11

Altars:
Dithmenos
Elyvilon
Makhleb
Okawaru
Qazlal
Uskayaw
Vehumet
Wu Jian

Shops:
D:1 [   D:5 *


Message History

The orc priest is engulfed in noxious fumes.
The orc priest appears confused.
Unknown command.
The orc priest is engulfed in noxious fumes.
A howler monkey comes into view. x2
The howler monkey moves out of view.
A water moccasin comes into view.
The water moccasin hisses angrily.
The howler monkey closely misses you.
An orc wizard comes into view. It is wielding a +0 dagger.
The howler monkey hoots and howls with incredible vigour!
The orc wizard casts a spell at you. The magic dart hits you.
* * * LOW HITPOINT WARNING * * *
Casting: Mephitic Cloud (dangerous; 4% risk of failure)
Confirm with . or Enter, or press ? or * to list all spells.
Aiming: Mephitic Cloud (dangerous; 4% risk of failure)
Press: ? - help, Shift-Dir - straight line, p - orc priest The ball explodes into a vile cloud!
The stinking cloud engulfs the howler monkey but does no damage.
The stinking cloud engulfs the orc but does no damage.
The howler monkey hoots and howls with incredible vigour!
The orc priest looks encouraged for a moment.
The orc priest hits you with a +0 short sword.
* * * LOW HITPOINT WARNING * * *
The howler monkey hits you but does no damage.
The howler monkey attacks as you move away!
The howler monkey completely misses you.
The orc priest completely misses the water moccasin.
Unknown command.
Casting: Mephitic Cloud (dangerous; 4% risk of failure)
Confirm with . or Enter, or press ? or * to list all spells.
Aiming: Mephitic Cloud (dangerous; 4% risk of failure)
Press: ? - help, Shift-Dir - straight line, f - orc priest
Aim: an orc priest, wielding a +0 flail and wearing a +0 ring mail (chance to affect: 86%)
You miscast Mephitic Cloud.
You are very lightly contaminated with residual magic.
Nothing appears to happen.
The howler monkey misses you. The water moccasin bites you.
You die...

####### .......#######
.......#.....#
.......#.....#
.....S.#.....##
.....h.#......#
.......#.hS...##############
.........oh@..'.............
####+####.○...########......
#☼○☼).# ##...... #oo...#
#....... .....o..# #.......
........# #....... .....####
#....... ...#### #....... .o
.........


You could see a water moccasin, 2 howler monkeys, 2 orc priests, an orc wizard
and an orc.

Vanquished Creatures
  Grinder (D:5)
  Sigmund (D:1)
  2 water moccasins (D:7)
  2 ice beasts
  A sky beast (D:6)
  2 ogres
  2 centaurs
  2 phantoms
  Blork the orc (D:6)
  3 kobold brigands
  3 bullfrogs
  A gnoll sergeant (D:8)
  A scorpion (D:7)
  3 howler monkeys
  2 hounds
  A jelly (D:7)
  Jessica (D:2)
  5 iguanas
  4 orc wizards
  5 gnolls (D:8)
  10 adders
  5 river rats (Sewer)
  2 shadow imps
  2 worms
  A dart slug (D:1)
  21 orcs
  4 bats
  8 endoplasms
  7 giant cockroaches
  10 goblins
  9 hobgoblins
  5 jackals (D:1)
  6 quokkas
  12 ball pythons
  4 frilled lizards
  27 kobolds
  28 rats
204 creatures vanquished.

Vanquished Creatures (collateral kills)
  Robin (D:2)
  A goblin (D:2)
  A hobgoblin (D:2)
  A ball python (Sewer)
4 creatures vanquished.

Vanquished Creatures (others)
  2 fungi (D:1)
2 creatures vanquished.

Grand Total: 210 creatures vanquished

Notes
Turn   | Place    | Note
-------+----------+-------------------------------------------
     0 | D:1      | pokeman the Deep Elf Hedge Wizard began the quest for the
                  | Orb.
     0 | D:1      | Reached XP level 1. HP: 10/10 MP: 7/7
   317 | D:1      | Reached XP level 2. HP: 16/16 MP: 5/9
   446 | D:1      | Found Ilammeetzu's Armour Boutique.
   661 | D:1      | Reached skill level 5 in Spellcasting
   926 | D:1      | Reached XP level 3. HP: 20/20 MP: 9/11
   930 | D:1      | Learned a level 3 spell: Mephitic Cloud
   933 | D:1      | Learned a level 2 spell: Call Imp
   936 | D:1      | Learned a level 2 spell: Blink
   940 | D:1      | Learned a level 3 spell: Hailstorm
  1273 | D:1      | Reached skill level 1 in Fighting
  1354 | D:2      | Noticed Sigmund
  1354 | D:2      | Identified the +0 helmet of Molim {rF++}
  1354 | D:2      | Noticed Robin
  1354 | D:2      | Found a faded altar of an unknown god.
  1509 | D:2      | Reached skill level 1 in Armour
  1793 | D:2      | Killed Robin
  1803 | D:2      | Reached XP level 4. HP: 20/25 MP: 0/13
  1823 | D:2      | HP: 1/25 [goblin/+0 dagger[Robin] (4)]
  1829 | D:2      | HP: 1/25 [goblin/+0 dagger[Robin] (2)]
  2315 | D:2      | Noticed Jessica
  2326 | D:2      | Killed Jessica
  2327 | D:2      | Reached skill level 1 in Poison Magic
  2545 | D:1      | Killed Sigmund
  2546 | D:1      | Reached skill level 6 in Spellcasting
  2546 | D:1      | Reached skill level 1 in Air Magic
  2546 | D:1      | Reached XP level 5. HP: 29/29 MP: 5/16
  2546 | D:1      | Reached XP level 6. HP: 34/34 MP: 5/17
  3091 | D:3      | Found a glowing drain.
  3095 | Sewer    | Entered a sewer
  3246 | Sewer    | Reached skill level 7 in Spellcasting
  3246 | Sewer    | Reached skill level 1 in Ice Magic
  4227 | Sewer    | Reached XP level 7. HP: 38/38 MP: 7/20
  5537 | D:4      | Reached skill level 8 in Spellcasting
  5972 | D:5      | Entered Level 5 of the Dungeon
  6555 | D:5      | Found Hatu Kue's Overcharged Wands.
  6625 | D:5      | Found a shadowy altar of Dithmenos.
  6632 | D:5      | Found a hide-covered altar of Uskayaw.
  6638 | D:5      | Found a burning altar of Makhleb.
  6645 | D:5      | Found an ornate altar of the Wu Jian Council.
  6650 | D:5      | Found a stormy altar of Qazlal.
  6661 | D:5      | Found a radiant altar of Vehumet.
  6665 | D:5      | Became a worshipper of Vehumet
  6672 | D:5      | Found a white marble altar of Elyvilon.
  6825 | D:6      | Found a staircase to the Ecumenical Temple.
  6852 | D:6      | Noticed Grinder
  6870 | D:6      | Reached skill level 1 in Evocations
  6870 | D:6      | Reached XP level 8. HP: 28/44 MP: 10/22
  7198 | D:5      | Killed Grinder
  7199 | D:5      | Reached skill level 9 in Spellcasting
  7447 | D:6      | Reached skill level 5 in Conjurations
  7639 | D:6      | Found an iron altar of Okawaru.
  7641 | D:6      | Noticed Blork the orc
  7647 | D:6      | Killed Blork the orc
  7651 | D:6      | Reached skill level 10 in Spellcasting
  8253 | D:7      | Reached * piety under Vehumet
  8253 | D:7      | Offered knowledge of Kiss of Death by Vehumet.
  8318 | D:7      | Learned a level 1 spell: Kiss of Death
  8461 | D:7      | Reached XP level 9. HP: 50/50 MP: 13/25
  8714 | D:7      | Reached skill level 11 in Spellcasting
  8744 | D:7      | Reached skill level 5 in Ice Magic
  9213 | D:8      | Reached skill level 1 in Necromancy
  9327 | D:8      | Slain by a water moccasin

Illustrated notes

Levels and vault maps discovered:
D:1:      mainiacjoe_arrival_reflecting_pool, layout_basic, serial_shops, shop,
          dreamdust_mushroom_princess, hangedman_decor_push
D:2:      layout_rooms, nicolae_ecumenical_pavilion, uniq_jessica, uniq_sigmund,
          uniq_robin
D:3:      layout_basic, gup_sewer_entry_spiral
D:4:      layout_cave_pools, hangedman_abyss_or_decor_stabs
D:5:      layout_loops_cross, grunt_temple_overflow_octagram,
          nicolae_shop_overcharged_wands
D:6:      layout_cave_pools, okawaru_trees_1, minmay_temple_entry_large_hall,
          hangedman_glass_teeth, uniq_grinder, uniq_blork_the_orc
D:7:      layout_basic
D:8:      layout_basic, enter_ossuary_3, chequers_serial_rivers_room_a

Skill      XL: |  1  2  3  4  5  6  7  8  9 |
---------------+----------------------------+-----
Spellcasting   | 5 6 7 8 10 11 | 11.5
Fighting       | 1 3 |  3.0
Armour         | 1 2 |  2.4
Conjurations   | 2 3 4 5 6 |  6.2
Poison Magic   | 1 |  1.0
Dodging        | 3 4 |  4.0
Air Magic      | 1 |  1.3
Ice Magic      | 1 3 4 5 |  5.0
Stealth        | 3 |  3.0
Evocations     | 1 |  1.0
Necromancy     | 1 |  1.7
Summonings     | |  1.1
Translocations | |  1.1

Action                   |  1- 3 |  4- 6 |  7- 9 || total
-------------------------+-------+-------+-------++-------
Melee: Dagger            |     7 |    33 |    19 ||    59
       Whip              |       |       |    37 ||    37
       Punch             |       |       |     1 ||     1
 Cast: Magic Dart        |   112 |   192 |   236 ||   540
       Mephitic Cloud    |     3 |    10 |    16 ||    29
       Call Imp          |     1 |     1 |     6 ||     8
       Blink             |       |     2 |     5 ||     7
       Hailstorm         |       |     2 |    23 ||    25
       Kiss of Death     |       |       |     4 ||     4
 Stab: Confused          |       |     4 |     5 ||     9
Armor: Robe              |     5 |     8 |       ||    13
       Animal skin       |       |    23 |    33 ||    56
Dodge: Dodged            |    20 |    73 |    73 ||   166

Table legend: (Time is in decaauts)
 A = Elapsed time spent in this place.
 B = Non-inter-level travel time spent in this place.
 C = Inter-level travel time spent in this place.
 D = Time resting spent in this place.
 E = Time spent auto-exploring this place.
 F = Levels seen in this place.
 G = Mean time per level.
                   A        B        C        D        E       F      G
               +--------+--------+--------+--------+--------+-----+--------+
         Total |   9360 |   8899 |    461 |    975 |   6060 |   9 | 1040.0 |
       Dungeon |   7950 |   7489 |    461 |    711 |   5188 |   8 |  993.8 |
         Sewer |   1409 |   1409 |      0 |    264 |    872 |   1 | 1409.0 |
               +--------+--------+--------+--------+--------+-----+--------+

Top non-repeatable levels by time:
     D:1: 1849 daAuts
   Sewer: 1409 daAuts
     D:5: 1289 daAuts
     D:3: 1071 daAuts
     D:6: 977 daAuts
     D:2: 938 daAuts
     D:7: 923 daAuts
     D:4: 734 daAuts
     D:8: 166 daAuts
